Cogmind - Beta 14 @@@ ROGUE MODE // 2024.10.23 @ 04:47:53 Player: Komeiji O. Result: Destroyed by X-62 Marksman with Pulse Rifle Performance ------------- Evolutions (4) 2000 Regions Visited (17) 3400 Robots Destroyed (209) 1045 Value Destroyed (9665) 9665 Prototype IDs (28) 560 Alien Tech Used (0) 0 Bonus (5112) 5112 TOTAL SCORE: 21782 Bonus ------- High Alert Combat Kills 835 Follower Combat Kills 1753 Entered Garrisons 800 Used RIF Installer 1500 Aligned with FarCom 300 Friendly Fire -76 Cogmind --------- Core Integrity 0/850 Matter 65/300 Energy 31/310 System Corruption 16% Temperature Cool (4) Movement Treading (320) Ox2 Location -6/Garrison Parts ------- > --- POWER (1) -------- Fission Core > --- PROPULSION (3) --- Light Treads Light Treads > --- UTILITY (7) ------ Advanced Heat Sink Huge Storage Unit Improved Light Armor Plating Graphene Brace Remote Force Field Relay Coupler [Sentry] (16) Relay Coupler [Behemoth] (2) > --- WEAPON (4) ------- Compact Ion Cannon Chainsword > --- INVENTORY (25) --- Light Nuclear Core Micro Fission Core Heavy Servo Lattice Microactuators Advanced Transmission Jammer Improved Hacking Suite Authchip [R/NC] Relay Coupler [NC] (27) Relay Coupler [NC] (29) Relay Coupler [NC] (27) Relay Coupler [Cutter] (25) Relay Coupler [Duelist] (24) Relay Coupler [Duelist] (23) Relay Coupler [Sentry] (18) Relay Coupler [Sentry] (19) Relay Coupler [Demolisher] (25) Relay Coupler [Hunter] (18) Trap Extractor (4/4 Armageddon) Compact Ion Cannon Compact Ion Cannon Peak State ------------ > --- POWER ------------ Angular Momentum Engine > --- PROPULSION ------- Armored Huge Wheel > --- UTILITY ---------- Huge Storage Unit Hardened Medium Armor Plating Improved Medium Armor Plating Relay Coupler [Grunt] Relay Coupler [Sentry] Relay Coupler [Specialist] > --- WEAPON ----------- AWS/Autocannon Improved Remote Datajack > --- INVENTORY -------- Reinforced Deuterium Engine Armored Heavy Treads Advanced Weapon Cycler Advanced Transmission Jammer Layered Heavy Armor Plating Graphene Brace Advanced System Shield Authchip [R/NC] Relay Coupler [NC] Relay Coupler [NC] Relay Coupler [Swarmer] Relay Coupler [Brawler] Relay Coupler [Duelist] Relay Coupler [Demolisher] Relay Coupler [Hunter] Heavy Machine Gun Gauss Cannon Heavy Mass Driver Smartbomb Launcher Improved Datajack Scythe [Rating: 81] Favorites ----------- Power Angular Momentum Engine Engine Angular Momentum Engine Power Core Light Nuclear Core Reactor Cold Fusion Reactor Propulsion Wheel Treads Light Treads Leg Aluminum Leg Wheel Wheel Utility Huge Storage Unit Device Seismic Detector Storage Huge Storage Unit Processor Advanced Targeting Computer Hackware Relay Coupler [Specialist] Protection Hardened Medium Armor Plating Weapon Heavy Assault Rifle Energy Gun Medium Laser Energy Cannon Compact Ion Cannon Ballistic Gun Heavy Assault Rifle Ballistic Cannon AWS/Autocannon Launcher Mini Grenade Launcher Special Weapon Improved Remote Datajack Slashing Weapon Scythe Special Melee Weapon Improved Datajack Build | -11 -10 -10 -9 -9 -9 -8 -8 -8 -8 -7 -7 -7 -7 -6 -6 -6 -6 ------- Run | Yrd Mat Min Mat Min Exi Min Mat Gar Mat Fac Gar Fac Gar Fac Was Fac Gar Slots Evolved 8 | . . . 2 . . . 2 . . 2 . . . 2 . . . Power . | . . . . . . . . . . . . . . . . . . Propulsion 1 | . . . . . . . . . . . . . . 1 . . . Utility 5 | . . . 1 . . . 1 . . 2 . . . 1 . . . Weapon 2 | . . . 1 . . . 1 . . . . . . . . . . Parts Attached 307 | 7 7 2 21 2 . 5 54 40 20 13 34 19 16 20 3 4 40 Power 26 | 1 1 . 3 . . . 7 2 5 . 1 . . 2 . 1 3 Engine 14 | 1 1 . 3 . . . 3 . 2 . 1 . . 1 . 1 1 Core 11 | . . . . . . . 4 2 3 . . . . . . . 2 Reactor 1 | . . . . . . . . . . . . . . 1 . . . Propulsion 34 | 2 1 1 3 . . 1 9 6 2 . 1 . . 1 . . 7 Treads 11 | 2 1 1 . . . . . 2 . . . . . . . . 5 Leg 1 | . . . 1 . . . . . . . . . . . . . . Wheel 22 | . . . 2 . . 1 9 4 2 . 1 . . 1 . . 2 Hover . | . . . . . . . . . . . . . . . . . . Flight . | . . . . . . . . . . . . . . . . . . Utility 100 | 2 2 . 4 . . . 11 11 4 6 12 8 10 9 1 . 20 Device 23 | 1 1 . 1 . . . 3 5 . . 1 . 3 2 . . 6 Storage 5 | 1 1 . 1 . . . 1 . . . . . . . . . 1 Processor 5 | . . . . . . . 2 . . 2 . . 1 . . . . Hackware 38 | . . . . . . . . 4 2 3 8 6 3 5 . . 7 Protection 29 | . . . 2 . . . 5 2 2 1 3 2 3 2 1 . 6 Artifact . | . . . . . . . . . . . . . . . . . . Weapon 147 | 2 3 1 11 2 . 4 27 21 9 7 20 11 6 8 2 3 10 Energy Gun 10 | 2 2 . . . . . 2 2 . . . . 1 . . . 1 Energy Cannon 5 | . . . . . . . . . . . . . . . . 2 3 Ballistic Gun 32 | . . . 7 . . 3 15 4 . 1 2 . . . . . . Ballistic Cannon 6 | . . . . . . . . 2 . . 3 1 . . . . . Launcher 23 | . 1 1 4 2 . 1 4 3 . . . 1 2 1 1 . 2 Special Weapon 27 | . . . . . . . . 2 4 3 5 5 2 4 . 1 1 Impact Weapon . | . . . . . . . . . . . . . . . . . . Slashing Weapon 36 | . . . . . . . 6 6 4 3 7 3 1 3 1 . 2 Piercing Weapon . | . . . . . . . . . . . . . . . . . . Special Melee Weapon 8 | . . . . . . . . 2 1 . 3 1 . . . . 1 Unidentified Prototypes 3 | . . . . . . . 1 . 1 . . . . . . 1 . Corrupted Parts 1 | . . . . . . . 1 . . . . . . . . . . System Corruption 1 | . . . . . . . 1 . . . . . . . . . . Parts Lost 58 | . 2 . 1 . . 1 21 6 2 . 3 1 . 1 2 . 18 Power 4 | . . . . . . . 1 1 1 . . . . . . . 1 Propulsion 21 | . . . . . . 1 8 3 1 . 2 . . . . . 6 Utility 16 | . 1 . 1 . . . 6 1 . . 1 . . . 1 . 5 Weapon 17 | . 1 . . . . . 6 1 . . . 1 . 1 1 . 6 Highest Loss Streak 6 | . 1 . 1 . . 1 6 4 1 . 2 1 . 1 2 . 6 To Critical Strikes 2 | . . . . . . . 1 . . . . . . . 1 . . Average Slot Usage (%) 86 | . 99 100 99 100 100 97 98 88 80 83 75 79 82 85 81 85 73 Engine 5 | . 14 14 11 11 11 11 2 . . 7 7 7 7 5 . 6 1 Core 2 | . . . . . . . 6 8 8 . . . . . . . 4 Treads 4 | . 28 28 8 . . . . 2 . . . . . . . . 13 Wheel 11 | . . . 13 22 22 19 17 14 18 15 8 7 7 13 13 13 3 Device 5 | . 13 14 11 11 11 11 8 7 . . . . 4 2 6 6 9 Storage 8 | . 14 14 11 11 11 11 12 9 9 7 7 7 7 6 6 6 5 Processor 2 | . . . . . . . 6 7 . 7 1 . 1 . . . . Hackware 15 | . . . . . . . . 7 22 26 25 35 25 33 27 26 9 Protection 5 | . . . 10 11 11 11 8 4 4 2 9 2 4 3 4 6 6 Energy Gun 2 | . 27 15 . . . . 1 5 . . . . . . . . . Ballistic Gun 5 | . . . 28 1 . 22 27 3 . . . . . . . . . Ballistic Cannon 3 | . . . . . . . . 4 9 7 7 7 7 6 . . . Launcher 2 | . . 12 3 31 33 10 1 . . . . . . . 3 . . Special Weapon 2 | . . . . . . . . . 4 3 1 5 6 5 . 3 4 Slashing Weapon 4 | . . . . . . . 6 8 4 3 3 5 7 6 12 13 3 Peak Build Rating 81 | 7 8 9 17 18 21 21 33 62 65 69 81 81 71 75 74 72 76 Average Rating 49 | 5 7 8 13 17 20 20 29 46 62 66 75 71 67 69 67 63 55 On Entrance 40 | . 7 8 8 17 18 21 20 25 62 63 68 79 66 69 73 56 72 Naked Turns 10 | . . . . . . . . . . . . . . . . . 10 Heaviest Build 175 | 15 30 31 106 107 107 106 108 157 163 162 175 172 134 129 119 117 144 Greatest Support 60 | 40 40 40 40 20 20 20 26 40 24 24 28 28 28 38 38 38 60 Greatest Overweight (x) 40 | . . . 5 5 5 10 10 15 12 6 6 6 4 3 3 3 40 Average Overweight (x) 4 | . . . 1 5 5 5 4 7 6 6 5 4 4 3 2 2 2 Largest Inventory Capacity 25 | 8 15 15 25 25 25 25 25 25 25 25 25 25 25 25 25 25 25 Average Capacity 23 | 7 12 15 16 25 25 25 25 25 25 25 25 25 25 25 25 25 24 Most Carried 25 | 6 15 15 17 17 21 25 25 25 25 25 25 25 25 25 25 25 25 Average Carried 22 | 2 9 14 15 16 19 23 24 23 24 24 24 24 24 24 23 23 22 Final Capacity 25 | 8 15 15 25 25 25 25 25 25 25 25 25 25 25 25 25 25 25 Final Carried 25 | 6 15 15 17 17 21 25 23 25 24 25 25 25 25 25 24 25 20 Class Distribution -------------------- 40% | Bothacker-Skirmisher 12% | Mutant 10% | Bothacker-Mutant 9% | Scavenger-Skirmisher 8% | Bothacker-Tank 6% | Tank 4% | Skirmisher 3% | Scavenger-Gunner Dominant Class ---------------- Mutant | -10/Materials Mutant | -10/Mines Tank | -9/Materials Tank | -9/Mines Tank | -9/Exiles Skirmisher | -8/Mines Scavenger-Skirmisher | -8/Materials Gunner | -8/Garrison Bothacker-Skirmisher | -8/Materials Bothacker-Skirmisher | -7/Factory Bothacker-Skirmisher | -7/Garrison Bothacker-Skirmisher | -7/Factory Bothacker-Skirmisher | -7/Garrison Bothacker-Skirmisher | -6/Factory Bothacker-Mutant | -6/Waste Bothacker-Mutant | -6/Factory Bothacker-Mutant | -6/Garrison Resources | -11 -10 -10 -9 -9 -9 -8 -8 -8 -8 -7 -7 -7 -7 -6 -6 -6 -6 ----------- Run | Yrd Mat Min Mat Min Exi Min Mat Gar Mat Fac Gar Fac Gar Fac Was Fac Gar Matter Collected 6316 | 270 123 15 407 115 303 130 1371 521 281 178 644 474 434 366 . . 684 Remotely . | . . . . . . . . . . . . . . . . . . Salvage Created 6442 | 82 597 47 545 24 . 91 1728 1201 549 183 483 183 123 121 . . 485 Parts 409 | 8 33 8 37 1 . 16 128 59 27 12 25 12 8 15 . . 20 Haulers Intercepted 6 | . 2 . . . . . 4 . . . . . . . . . . Recyclers Shooed 2 | . . . . . . . 1 . . 1 . . . . . . . Parts Field Recycled . | . . . . . . . . . . . . . . . . . . Retrieved Matter . | . . . . . . . . . . . . . . . . . . Parts Self-Destructed . | . . . . . . . . . . . . . . . . . . Prevented . | . . . . . . . . . . . . . . . . . . Kills | -11 -10 -10 -9 -9 -9 -8 -8 -8 -8 -7 -7 -7 -7 -6 -6 -6 -6 ------- Run | Yrd Mat Min Mat Min Exi Min Mat Gar Mat Fac Gar Fac Gar Fac Was Fac Gar Combat Hostiles Destroyed 167 | . 16 4 17 2 . 10 36 23 14 5 18 4 3 4 . . 11 Melee 12 | . . . . . . . 5 . 1 . 1 1 1 1 . . 2 Guns 50 | . 12 . 6 . . 1 22 9 . . . . . . . . . Cannons 50 | . . . . . . . . 7 13 5 17 3 1 . . . 4 AOE 54 | . 3 4 11 2 . 9 9 7 . . . . 1 3 . . 5 Classes Destroyed 19 | 2 3 2 3 . . 1 3 1 2 1 1 . . . . . . Worker 7 | 1 1 . . . . 1 2 . 1 . . . . 1 . . . Builder 6 | . . 1 . . . . 5 . . . . . . . . . . Tunneler 6 | 2 . 1 1 . . 1 1 . . . . . . . . . . Hauler 6 | . 2 . . . . . 4 . . . . . . . . . . Recycler 2 | . . . . . . . 2 . . . . . . . . . . Mechanic 2 | . . . . . . . . . 1 . . 1 . . . . . Operator 4 | . . . 2 . . . . . 1 1 . . . . . . . Watcher 10 | . . . 2 . . . 2 . 2 2 2 . . . . . . Swarmer 56 | . 6 3 6 . . 9 12 5 2 2 5 . 1 4 . . 1 Saboteur 1 | . . . . . . . . 1 . . . . . . . . . Grunt 61 | . 10 . 8 . . . 10 12 5 1 3 1 2 . . . 9 Brawler 4 | . . . . . . . . . 2 . 2 . . . . . . Duelist 6 | . . . . . . . 1 . 3 1 . 1 . . . . . Sentry 19 | . . . 3 2 . . 8 3 2 . 1 . . . . . . Specialist 3 | . . . . . . . 2 . . . 1 . . . . . . Hunter 10 | . . . . . . 1 3 2 . . 4 . . . . . . Programmer 5 | . . . . . . . . . . 1 1 2 . . . . 1 Behemoth 1 | . . . . . . . . . . . 1 . . . . . . Assembled 1 | . . 1 . . . . . . . . . . . . . . . Best Kill Streak 9 | 2 4 3 6 2 . 4 7 6 9 3 4 3 1 3 . . 4 Combat Bots Only 8 | . 3 3 6 2 . 4 4 6 8 3 4 3 1 3 . . 4 Max Kills in Single Turn 7 | 2 2 2 4 1 . 4 7 3 1 1 1 1 1 3 . . 3 Gunslinging 1 | . . . . . . . . 1 . . . . . . . . . Exploded 4 | . 2 2 2 1 . 3 4 3 . . . . 1 3 . . 3 Melee 1 | . . . . . . . 1 . 1 . 1 1 1 1 . . 1 Uniques/NPCs Destroyed . | . . . . . . . . . . . . . . . . . . Combat | -11 -10 -10 -9 -9 -9 -8 -8 -8 -8 -7 -7 -7 -7 -6 -6 -6 -6 -------- Run | Yrd Mat Min Mat Min Exi Min Mat Gar Mat Fac Gar Fac Gar Fac Was Fac Gar Hostile Shots Fired 991 | . 52 6 47 12 . 12 186 99 46 23 119 20 39 40 3 . 287 Missed 332 | . 14 4 16 5 . 3 50 24 18 10 48 10 14 18 . . 98 Damage Taken 11155 | . 462 135 432 130 . 146 2275 1066 427 232 1026 215 488 452 179 . 3490 Core 1780 | . 109 8 75 . . . 336 121 58 33 78 35 72 99 . . 756 Absorbed by Shields 142 | . . . . . . . . . . . 3 . . . . . 139 Regen/Repaired (Parts) 214 | . . . . . . . . . . . . . . 214 . . . Core Remaining (%) 61 | 100 . 53 . . . 81 . . 6 . . . 68 . . . . Volleys Fired 468 | 5 48 11 27 5 . 8 98 27 9 9 39 38 40 35 3 . 66 Largest 4 | 2 2 2 3 3 . 3 4 3 1 1 1 1 1 1 1 . 2 Hottest 180 | 100 100 80 79 99 . 99 115 136 7 28 48 75 75 75 46 . 180 Shots Fired 888 | 10 84 14 64 7 . 17 285 62 43 25 80 45 40 35 3 . 74 Gun 484 | 10 81 5 55 . . 10 272 41 . 1 9 . . . . . . Cannon 160 | . . . . . . . . 13 34 16 43 14 8 2 . . 30 Launcher 72 | . 3 9 9 7 . 7 13 7 . . . . 7 1 3 . 6 Special 172 | . . . . . . . . 1 9 8 28 31 25 32 . . 38 Kinetic 480 | . . . 55 . . 10 262 26 34 17 52 14 8 2 . . . Thermal 127 | 10 81 5 . . . . . 1 . . . . . . . . 30 Explosive 59 | . 3 9 9 7 . 7 9 7 . . . . . . 3 . 5 Electromagnetic 50 | . . . . . . . 14 27 . . . . 7 1 . . 1 Robot Hit Streak 21 | 3 9 5 7 6 . 4 13 21 13 12 20 8 8 6 . . 11 Robot Miss Streak 9 | 2 2 1 5 1 . 2 9 2 1 2 4 3 2 4 . . 3 Penetration Max . | . . . . . . . . . . . . . . . . . . Secondary Targets 5 | . 1 . 1 . . . 1 2 . . . . . . . . . Max Gunslinging Chain 1 | . 1 . 1 . . . 1 1 . . . . . . . . . Autonomous 111 | . . . . . . . . 13 34 16 41 7 . . . . . Shots Hit Robots 687 | 6 58 9 36 6 . 5 197 82 39 19 81 30 31 24 . . 64 Core Hits 369 | 3 33 6 28 4 . 13 141 51 17 8 26 3 10 6 1 . 19 Critical Kills . | . . . . . . . . . . . . . . . . . . Critical Parts Destroyed 2 | . . . 1 . . . 1 . . . . . . . . . . Critical Strikes 28 | 2 7 . 1 . . . 2 3 6 . 3 1 1 . . . 2 Burn 9 | 2 7 . . . . . . . . . . . . . . . . Destroy 2 | . . . 1 . . . 1 . . . . . . . . . . Blast 11 | . . . . . . . . 2 4 . 3 1 1 . . . . Sever 6 | . . . . . . . 1 1 2 . . . . . . . 2 Melee Attacks 204 | . . . . . . . 30 57 11 6 32 10 20 8 . . 30 Impact . | . . . . . . . . . . . . . . . . . . Slashing 176 | . . . . . . . 30 48 9 6 20 10 20 8 . . 25 Piercing . | . . . . . . . . . . . . . . . . . . Sneak Attacks 21 | . . . . . . . 4 . 1 . 11 . . 2 . . 3 Combat Hostiles 2 | . . . . . . . . . . . . . . 1 . . 1 Follow-up Attacks 1 | . . . . . . . . . . . . . . . . . 1 Damage Inflicted 21664 | 91 892 389 1278 215 . 666 4232 3543 2326 949 3076 777 837 317 340 . 1736 Guns 4603 | 91 703 38 412 . . 76 2479 705 . 16 83 . . . . . . Cannons 8522 | . . . . . . . . 986 2163 933 2961 709 262 . . . 508 Explosions 5589 | . 186 351 866 215 . 590 1103 579 . . . . 357 179 340 . 823 Melee 2909 | . . . . . . . 650 1273 163 . 32 30 218 138 . . 405 Ramming 41 | . 3 . . . . . . . . . . 38 . . . . . Kinetic 11135 | . . . 412 . . 76 2342 1178 2163 949 3044 709 262 . . . . Thermal 1587 | 91 703 38 . . . . . 144 . . . . . 103 . . 508 Explosive 4720 | . 186 351 866 215 . 590 973 465 . . . . . . 340 . 734 Electromagnetic 1272 | . . . . . . . 267 483 . . . . 357 76 . . 89 Impact . | . . . . . . . . . . . . . . . . . . Slashing 2909 | . . . . . . . 650 1273 163 . 32 30 218 138 . . 405 Piercing . | . . . . . . . . . . . . . . . . . . Highest Corruption 16 | . 1 1 . . . . 1 1 1 . . . 1 . 15 15 16 Average Corruption 5 | . 1 1 . . . . 1 1 1 . . . 1 . 7 15 15 Corruption Purged . | . . . . . . . . . . . . . . . . . . Corruption Blocked . | . . . . . . . . . . . . . . . . . . Effects 137 | . 8 5 . . . . . 18 12 . . . 6 . 7 3 78 Message Errors 41 | . 2 1 . . . . . 5 3 . . . 2 . 2 . 26 Matter Fused 31 | . 3 1 . . . . . 3 4 . . . 1 . 1 . 18 Heat Flow Errors 18 | . 1 1 . . . . . 3 2 . . . 1 . 1 2 7 Energy Discharges 11 | . 1 2 . . . . . 1 2 . . . . . . . 5 Data Loss (minor) 10 | . . . . . . . . 2 . . . . 1 . 1 1 5 Data Loss (major) 6 | . . . . . . . . 2 . . . . . . . . 4 Misfires 6 | . 1 . . . . . . 1 . . . . . . . . 4 Alerts 7 | . . . . . . . . 1 1 . . . 1 . . . 4 Misdirections 2 | . . . . . . . . . . . . . . . 2 . . Weapon Failures 5 | . . . . . . . . . . . . . . . . . 5 Overload Shots . | . . . . . . . . . . . . . . . . . . Overflow Damage 1578 | . . 21 24 . . 30 106 267 271 184 456 148 58 . . . 13 Projectiles 1162 | . . . . . . . . 128 213 184 456 148 33 . . . . Explosions 131 | . . 21 24 . . 30 45 . . . . . . . . . 11 Melee 285 | . . . . . . . 61 139 58 . . . 25 . . . 2 Knockbacks 23 | . . . . . . . . 2 5 2 10 2 2 . . . . Impact . | . . . . . . . . . . . . . . . . . . Kinetic 22 | . . . . . . . . 2 5 1 10 2 2 . . . . Secondary 1 | . . . . . . . . . . 1 . . . . . . . Self-Inflicted Damage 316 | . 52 109 . 26 . 24 7 . . . . 19 27 . . . 52 Shots 12 | . 2 3 . 1 . 1 1 . . . . . 2 . . . 2 Rammed 1 | . . . . . . . . . . . . 1 . . . . . Targets Rammed 2 | . 1 . . . . . . . . . . 1 . . . . . Kicked . | . . . . . . . . . . . . . . . . . . Crushed 1 | . 1 . . . . . . . . . . . . . . . . Highest Temperature 538 | 78 321 209 72 72 . 48 222 426 224 . 29 56 177 20 105 215 538 Average Temperature 82 | 35 98 108 11 46 . 20 52 108 74 . 18 23 32 12 57 127 144 Received Heat Transfer 3095 | . 201 . 177 45 . . 657 513 288 33 123 39 114 45 12 . 848 Effects 16 | . 4 . . . . . . . . . . . . . . . 12 Shutdowns 1 | . . . . . . . . . . . . . . . . . 1 Energy Bleed 4 | . 1 . . . . . . . . . . . . . . . 3 Interference 3 | . 3 . . . . . . . . . . . . . . . . Short Circuit 4 | . . . . . . . . . . . . . . . . . 4 Damage (minor) 1 | . . . . . . . . . . . . . . . . . 1 Damage (major) 2 | . . . . . . . . . . . . . . . . . 2 Damage (core) 1 | . . . . . . . . . . . . . . . . . 1 Siege Activations . | . . . . . . . . . . . . . . . . . . Robots Corrupted . | . . . . . . . . . . . . . . . . . . Combat Hostiles . | . . . . . . . . . . . . . . . . . . Parts Fried 2 | . . . . . . . 1 1 . . . . . . . . . Impact Corruptions . | . . . . . . . . . . . . . . . . . . Robots Melted 1 | . 1 . . . . . . . . . . . . . . . . Combat Hostiles 1 | . 1 . . . . . . . . . . . . . . . . Parts Melted 8 | 1 7 . . . . . . . . . . . . . . . . Heat Transferred 4042 | 407 2590 111 . . . . . 187 . . . . . 100 . . 647 Parts Sabotaged . | . . . . . . . . . . . . . . . . . . Parts Stolen . | . . . . . . . . . . . . . . . . . . Parts Stripped . | . . . . . . . . . . . . . . . . . . Power Chain Reactions 3 | . . . 1 . . . . 1 . . . . . 1 . . . Alert | -11 -10 -10 -9 -9 -9 -8 -8 -8 -8 -7 -7 -7 -7 -6 -6 -6 -6 ------- Run | Yrd Mat Min Mat Min Exi Min Mat Gar Mat Fac Gar Fac Gar Fac Was Fac Gar Peak Influence 1526 | 15 238 174 624 165 . 188 616 1526 1042 596 1211 710 776 483 89 56 505 Initial 743 | . 9 57 14 165 . . 72 400 743 473 144 635 118 407 89 56 39 Average 385 | 4 78 85 314 143 . 91 213 971 799 361 523 221 476 392 76 56 284 Maximum Alert Level 4 | . 1 . 2 . . . 2 4 3 2 4 3 3 2 . . 2 Low Security (%) 42 | 100 97 100 39 100 . 100 53 . . 30 27 77 15 . 100 100 39 Level 1 15 | . 2 . 14 . . . 33 . . 10 15 4 15 40 . . 33 Level 2 25 | . . . 46 . . . 13 23 11 59 29 18 53 59 . . 27 Level 3 12 | . . . . . . . . 38 88 . 24 . 15 . . . . Level 4 4 | . . . . . . . . 37 . . 3 . . . . . . Level 5 . | . . . . . . . . . . . . . . . . . . High Security . | . . . . . . . . . . . . . . . . . . Max Security . | . . . . . . . . . . . . . . . . . . Squads Dispatched 24 | . 1 . 2 . . . 5 . 3 2 . 5 . 6 . . . Investigation 4 | . 1 . . . . . 1 . . 1 . 1 . . . . . Extermination 5 | . . . . . . . . . . 1 . 2 . 2 . . . Reinforcement 8 | . . . 2 . . . 4 . . . . 1 . 1 . . . Assault 3 | . . . . . . . . . 3 . . . . . . . . Garrison 4 | . . . . . . . . . . . . 1 . 3 . . . Intercept . | . . . . . . . . . . . . . . . . . . Searches Triggered . | . . . . . . . . . . . . . . . . . . Construction Impeded 1 | . . . . . . . . . . . . . . 1 . . . Haulers Reinforced . | . . . . . . . . . . . . . . . . . . Active Scanning Responses . | . . . . . . . . . . . . . . . . . . Cargo Convoy Interrupts 1 | . . . . . . . . . . 1 . . . . . . . Stealth | -11 -10 -10 -9 -9 -9 -8 -8 -8 -8 -7 -7 -7 -7 -6 -6 -6 -6 --------- Run | Yrd Mat Min Mat Min Exi Min Mat Gar Mat Fac Gar Fac Gar Fac Was Fac Gar Distress Signals 17 | . 3 . . . . . 10 . 2 . . 1 1 . . . . Communications Jammed 9 | . . . . . . . . . . . . . . 9 . . . Distress Signals 9 | . . . . . . . . . . . . . . 9 . . . Times Spotted 373 | . 26 4 26 2 . 8 64 28 29 14 37 24 32 30 6 . 43 Peak Tracking Total 9 | . 4 3 6 2 . 4 8 6 9 4 5 3 5 4 5 . 8 Tactical Retreats 30 | . 3 . . . . 1 7 5 2 1 1 . 1 2 1 . 6 Traps | -11 -10 -10 -9 -9 -9 -8 -8 -8 -8 -7 -7 -7 -7 -6 -6 -6 -6 ------- Run | Yrd Mat Min Mat Min Exi Min Mat Gar Mat Fac Gar Fac Gar Fac Was Fac Gar Traps Triggered 40 | . 2 . . . . . 1 8 1 2 12 . 5 4 . . 5 Indirectly . | . . . . . . . . . . . . . . . . . . Trap Hack Attempts . | . . . . . . . . . . . . . . . . . . Triggered . | . . . . . . . . . . . . . . . . . . Disarmed . | . . . . . . . . . . . . . . . . . . Reprogrammed . | . . . . . . . . . . . . . . . . . . Reused . | . . . . . . . . . . . . . . . . . . Traps Extracted . | . . . . . . . . . . . . . . . . . . Installed 1 | . . . . . . . . 1 . . . . . . . . . Triggered 1 | . . . . . . . . . . 1 . . . . . . . Most Traps Carried 4 | . . . . . . . . 4 . . . . 4 4 4 4 4 Machines | -11 -10 -10 -9 -9 -9 -8 -8 -8 -8 -7 -7 -7 -7 -6 -6 -6 -6 ---------- Run | Yrd Mat Min Mat Min Exi Min Mat Gar Mat Fac Gar Fac Gar Fac Was Fac Gar Machines Disabled 34 | . . 1 2 2 . . . 9 1 . 7 1 6 1 . . 4 Max in Single Turn 2 | . . 1 1 2 . . . 1 1 . 1 . 2 1 . . 1 Garrison Access 4 | . . . . . . . . . 1 1 . 1 . 1 . . . Garrison Relay 14 | . . . . . . . . 5 . . 4 . 2 . . . 3 Phase Generator 1 | . . . . . . . . . . . . . 1 . . . . Machines Repaired . | . . . . . . . . . . . . . . . . . . Machines Dismantled . | . . . . . . . . . . . . . . . . . . Machines Sabotaged . | . . . . . . . . . . . . . . . . . . Overloaded Fab Kills . | . . . . . . . . . . . . . . . . . . Hacking | -11 -10 -10 -9 -9 -9 -8 -8 -8 -8 -7 -7 -7 -7 -6 -6 -6 -6 --------- Run | Yrd Mat Min Mat Min Exi Min Mat Gar Mat Fac Gar Fac Gar Fac Was Fac Gar Machines Accessed 65 | . 7 1 3 . 2 1 8 2 8 9 3 12 2 5 . 1 1 Terminals 49 | . 7 . 3 . . 1 7 2 7 4 3 9 2 3 . . 1 Fabricators 4 | . . . . . . . . . . 2 . 1 . 1 . . . Repair Stations . | . . . . . . . . . . . . . . . . . . Recycling Units . | . . . . . . . . . . . . . . . . . . Scanalyzers 2 | . . . . . . . . . 1 1 . . . . . . . Garrison Access 7 | . . . . . . . 1 . . 2 . 2 . 1 . 1 . Total Hacks 159 | . 26 1 10 . 6 3 24 3 20 18 6 25 5 9 . 1 2 Successful 84 | . 13 1 5 . 6 1 10 1 9 10 3 16 2 6 . 1 . Failed 75 | . 13 . 5 . . 2 14 2 11 8 3 9 3 3 . . 2 Catastrophic 22 | . 2 . . . . . 2 . 6 3 1 4 2 1 . . 1 Database Lockouts . | . . . . . . . . . . . . . . . . . . Manual 80 | . 12 . 4 . 1 . 18 . 14 9 2 13 1 6 . . . Terminals 132 | . 26 . 10 . . 3 22 3 18 9 6 22 5 6 . . 2 Fabricators 6 | . . . . . . . . . . 4 . 1 . 1 . . . Repair Stations . | . . . . . . . . . . . . . . . . . . Recycling Units . | . . . . . . . . . . . . . . . . . . Scanalyzers 5 | . . . . . . . . . 2 3 . . . . . . . Garrison Access 9 | . . . . . . . 2 . . 2 . 2 . 2 . 1 . Terminal Hacks 36 | . 8 1 2 . 6 1 2 1 4 1 3 6 1 . . . . Record 7 | . . . . . 5 . . . 2 . . . . . . . . Prototype ID Bank 1 | . 1 . . . . . . . . . . . . . . . . Open Door 2 | . . 1 . . . . . . . . 1 . . . . . . Branch Access Points 2 | . . . . . . . . . 1 . . 1 . . . . . Emergency Access Points 5 | . 1 . . . . . . . 1 . 1 1 1 . . . . Terminal Index 1 | . . . . . . . . . . . . 1 . . . . . Garrison Index 1 | . . . . . . . . . . . . 1 . . . . . Unreport Threat 4 | . 1 . . . . . 2 . . 1 . . . . . . . Locate Traps 4 | . 1 . 2 . . . . . . . . 1 . . . . . Dispatch Records 1 | . . . . . . 1 . . . . . . . . . . . Patrol Status 1 | . . . . . . . . . . . . 1 . . . . . Investigation Status 1 | . 1 . . . . . . . . . . . . . . . . Intercept Status 1 | . 1 . . . . . . . . . . . . . . . . Hauler Manifests 1 | . 1 . . . . . . . . . . . . . . . . Zone Layout 1 | . 1 . . . . . . . . . . . . . . . . Garrison Registry 1 | . . . . . . . . 1 . . . . . . . . . Security Stations 1 | . . . . . . . . . . . 1 . . . . . . Derelict Proto ID Bank 1 | . . . . . 1 . . . . . . . . . . . . Fabricator Hacks 4 | . . . . . . . . . . 2 . 1 . 1 . . . Network Status 4 | . . . . . . . . . . 2 . 1 . 1 . . . Repair Station Hacks . | . . . . . . . . . . . . . . . . . . Recycling Unit Hacks . | . . . . . . . . . . . . . . . . . . Scanalyzer 5 | . . . . . . . . . 2 3 . . . . . . . Insert Component 2 | . . . . . . . . . 1 1 . . . . . . . Analyze 3 | . . . . . . . . . 1 2 . . . . . . . Garrison Access Hacks 8 | . . . . . . . 1 . . 2 . 2 . 2 . 1 . Unlock Access 4 | . . . . . . . 1 . . 1 . 1 . . . 1 . Seal Access 3 | . . . . . . . . . . 1 . 1 . 1 . . . Coupler Status 1 | . . . . . . . . . . . . . . 1 . . . Unauthorized Hacks 31 | . 5 . 3 . . . 7 . 3 2 . 7 1 3 . . . Terminals 31 | . 5 . 3 . . . 7 . 3 2 . 7 1 3 . . . Track 6 | . 1 . 1 . . . 1 . . . . 2 . 1 . . . Assimilate 2 | . . . . . . . . . . 1 . 1 . . . . . Botnet 23 | . 4 . 2 . . . 6 . 3 1 . 4 1 2 . . . Fabricators . | . . . . . . . . . . . . . . . . . . Repair Stations . | . . . . . . . . . . . . . . . . . . Recycling Units . | . . . . . . . . . . . . . . . . . . Scanalyzers . | . . . . . . . . . . . . . . . . . . Garrison Access . | . . . . . . . . . . . . . . . . . . Data Cores Recovered 3 | . . . 1 . . . . . 1 1 . . . . . . . Used 3 | . . . 1 . . . . . 1 1 . . . . . . . Hacking Detections 52 | . 7 . 2 . . 1 8 1 8 6 1 9 2 5 . 1 1 Full Trace Events 3 | . . . 1 . . . . . . 1 . 1 . . . . . Feedback Events . | . . . . . . . . . . . . . . . . . . Feedback Blocked . | . . . . . . . . . . . . . . . . . . Robot Schematics Acquired . | . . . . . . . . . . . . . . . . . . Robots Built . | . . . . . . . . . . . . . . . . . . Authchips . | . . . . . . . . . . . . . . . . . . Time . | . . . . . . . . . . . . . . . . . . Total Robot Build Rating . | . . . . . . . . . . . . . . . . . . Part Schematics Acquired 2 | . . . . . . . . . 1 1 . . . . . . . Parts Built . | . . . . . . . . . . . . . . . . . . Authchips . | . . . . . . . . . . . . . . . . . . Time . | . . . . . . . . . . . . . . . . . . Total Part Build Rating . | . . . . . . . . . . . . . . . . . . Parts Repaired . | . . . . . . . . . . . . . . . . . . Time . | . . . . . . . . . . . . . . . . . . Parts Recycled . | . . . . . . . . . . . . . . . . . . Recycled Matter . | . . . . . . . . . . . . . . . . . . Retrieved Matter . | . . . . . . . . . . . . . . . . . . Retrieved Components . | . . . . . . . . . . . . . . . . . . Parts Scanalyzed 2 | . . . . . . . . . 1 1 . . . . . . . Part Schematics Acquired 2 | . . . . . . . . . 1 1 . . . . . . . Parts Damaged 1 | . . . . . . . . . . 1 . . . . . . . Bothacking | -11 -10 -10 -9 -9 -9 -8 -8 -8 -8 -7 -7 -7 -7 -6 -6 -6 -6 ------------ Run | Yrd Mat Min Mat Min Exi Min Mat Gar Mat Fac Gar Fac Gar Fac Was Fac Gar Used RIF Installer 3 | . . . . . . . . 1 . . 1 . 1 . . . . Command Fork 1 | . . . . . . . . . . . 1 . . . . . . Threat Obfuscator 1 | . . . . . . . . . . . . . 1 . . . . Robots Hacked 86 | . . . . . . . . 6 8 3 16 14 9 14 . . 16 Non-combat 14 | . . . . . . . . . . 1 . 8 . 5 . . . Combat 72 | . . . . . . . . 6 8 2 16 6 9 9 . . 16 Robot Hacks Applied 100 | . . . . . . . . 7 8 6 17 21 10 14 . . 17 parse_system 5 | . . . . . . . . 1 . 1 . 1 1 1 . . . no_distress 1 | . . . . . . . . . . . . 1 . . . . . ignore_repairs 1 | . . . . . . . . . . . . 1 . . . . . drop_inventory 1 | . . . . . . . . . . . . . . 1 . . . purge_threat 4 | . . . . . . . . . . . . 4 . . . . . block_reporting 3 | . . . . . . . . . . . . 2 . 1 . . . map_route 6 | . . . . . . . . . . 2 . 2 . 2 . . . relay_feed 1 | . . . . . . . . . . . . 1 . . . . . link_fov 2 | . . . . . . . . . . . . 2 . . . . . scatter_targeting 12 | . . . . . . . . 1 2 . 4 2 1 . . . 2 overload_power 6 | . . . . . . . . 1 4 . . . . . . . 1 amplify_resonance 1 | . . . . . . . . . . . 1 . . . . . . wipe_record 1 | . . . . . . . . . . . 1 . . . . . . disable_weapons 1 | . . . . . . . . . . . . . 1 . . . . overwrite_iff 15 | . . . . . . . . 3 . 1 3 1 . 2 . . 5 streamctrl_high 1 | . . . . . . . . . . . 1 . . . . . . formatsys_low 2 | . . . . . . . . . . . . 1 . 1 . . . formatsys_high 37 | . . . . . . . . 1 2 2 7 3 7 6 . . 9 Relay Couplers Released 62 | . . . . . . . . 20 2 . 14 . 8 . . . 18 Machine Destruction 58 | . . . . . . . . 20 2 . 14 . 8 . . . 14 Programmers 4 | . . . . . . . . . . . . . . . . . 4 Attached 37 | . . . . . . . . 4 2 2 8 6 3 5 . . 7 Fabnet Peak Effective % . | . . . . . . . . . . . . . . . . . . Robots Rewired 6 | . . . . . . . . . . . 5 . . . . . 1 Allies Hacked 1 | . . . . . . . . . . . . 1 . . . . . Hacks Repelled . | . . . . . . . . . . . . . . . . . . Allies | -11 -10 -10 -9 -9 -9 -8 -8 -8 -8 -7 -7 -7 -7 -6 -6 -6 -6 -------- Run | Yrd Mat Min Mat Min Exi Min Mat Gar Mat Fac Gar Fac Gar Fac Was Fac Gar Total Allies 65 | . . . . . . . . 4 2 2 16 5 9 10 . . 17 Largest Group 6 | . . . . . . . . 1 1 2 5 6 5 6 1 . 4 Highest-Rated Group 162 | . . . . . . . . 16 29 52 88 116 96 151 32 . 162 Highest-Rated Ally 99 | . . . . . . . . 16 29 32 85 32 32 32 32 . 99 Total Orders 28 | . . . . . . . . . . . 4 9 6 8 . . 1 STAY 12 | . . . . . . . . . . . 2 4 3 2 . . 1 FOLLOW 12 | . . . . . . . . . . . 2 5 3 2 . . . AID 4 | . . . . . . . . . . . . . . 4 . . . Ally Attacks 420 | . . . . . . . . 14 12 3 29 84 74 92 16 . 96 Total Damage 9502 | . . . . . . . . 94 160 114 627 1529 1520 2206 800 . 2452 Kills 66 | . . . . . . . . 1 2 1 4 14 15 16 1 . 12 Allies Corrupted 1 | . . . . . . . . . . . 1 . . . . . . Allies Melted 1 | . . . . . . . . . . . . . 1 . . . . Intel | -11 -10 -10 -9 -9 -9 -8 -8 -8 -8 -7 -7 -7 -7 -6 -6 -6 -6 ------- Run | Yrd Mat Min Mat Min Exi Min Mat Gar Mat Fac Gar Fac Gar Fac Was Fac Gar Robot Analysis Total . | . . . . . . . . . . . . . . . . . . Derelict Logs Recovered 1 | . . 1 . . . . . . . . . . . . . . . Drone Launches . | . . . . . . . . . . . . . . . . . . Drone Recoveries . | . . . . . . . . . . . . . . . . . . Exploration | -11 -10 -10 -9 -9 -9 -8 -8 -8 -8 -7 -7 -7 -7 -6 -6 -6 -6 ------------- Run | Yrd Mat Min Mat Min Exi Min Mat Gar Mat Fac Gar Fac Gar Fac Was Fac Gar Turns Passed 19711 | 138 1075 668 458 482 509 659 2672 1933 969 1169 2325 1963 1358 1354 140 79 1760 Spaces Moved 9882 | 70 496 392 271 293 327 374 1342 775 486 600 1065 1053 723 878 101 54 582 Core 27 | 4 . . . . . . . . . . . . . . . . 23 Treads 1404 | 66 496 392 69 . . . . 3 . . . . . . . . 378 Legs . | . . . . . . . . . . . . . . . . . . Wheels 8451 | . . . 202 293 327 374 1342 772 486 600 1065 1053 723 878 101 54 181 Hover . | . . . . . . . . . . . . . . . . . . Flight . | . . . . . . . . . . . . . . . . . . Fastest Speed 50 | 50 160 160 95 155 155 155 135 135 175 180 175 160 160 135 120 120 50 Average Speed 167 | 153 160 160 124 155 155 167 149 189 180 180 182 169 160 135 129 122 242 Slowest Speed 2050 | 160 160 160 240 155 155 230 230 320 270 180 190 190 160 135 135 135 2050 Overloaded Moves . | . . . . . . . . . . . . . . . . . . Propulsion Burnouts . | . . . . . . . . . . . . . . . . . . Robots Hopped . | . . . . . . . . . . . . . . . . . . Cave-ins Triggered . | . . . . . . . . . . . . . . . . . . Exploration Rate (%) 54 | 5 82 66 37 74 75 86 80 81 57 17 82 30 79 17 75 2 44 Regions Visited 17 Branch Regions 4 Pre-discovered Areas 2 | . . 1 . . 1 . . . . . . . . . . . . Known Exits Taken 4 | . . . . . . . 1 . . 1 . 1 . . . 1 . Unknown Exits Taken 8 | 1 1 1 1 1 1 1 . . 1 . . . . . . . . Scrap Searched 4 | . . 1 . 2 . 1 . . . . . . . . . . . Spaces Dug 78 | . . 28 7 . . . 18 1 4 4 . 9 . 6 . . 1 Terrain Destroyed 652 | . 21 82 55 37 . 62 123 58 12 9 1 14 89 6 42 . 41 Melee 31 | . . . . . . . 8 1 4 4 . 9 . 4 . . 1 Projectile 24 | . . . . . . . . 1 8 5 1 5 2 2 . . . AOE 597 | . 21 82 55 37 . 62 115 56 . . . . 87 . 42 . 40 Terrain Rammed . | . . . . . . . . . . . . . . . . . . Walls Destroyed . | . . . . . . . . . . . . . . . . . . Machines Disabled . | . . . . . . . . . . . . . . . . . . Actions | -11 -10 -10 -9 -9 -9 -8 -8 -8 -8 -7 -7 -7 -7 -6 -6 -6 -6 --------- Run | Yrd Mat Min Mat Min Exi Min Mat Gar Mat Fac Gar Fac Gar Fac Was Fac Gar Total 12218 | 87 694 421 343 314 330 391 1783 1135 558 674 1396 1196 875 1014 107 67 833 Wait 714 | . 128 7 8 13 . . 192 84 20 29 78 55 19 53 . . 28 Move 9869 | 69 495 391 270 292 326 373 1342 774 485 600 1064 1052 722 878 100 54 582 Hop . | . . . . . . . . . . . . . . . . . . Pick Up 263 | 6 11 5 9 1 3 5 37 50 7 10 33 14 18 9 . 5 40 Fast Attach 35 | 7 1 . . . . . 3 2 . 1 2 . 1 . . 2 16 Attach 83 | . 1 1 4 . . 1 17 11 3 1 5 5 4 7 2 2 19 Detach 8 | . . . . . . . . 2 . . . . . . 1 1 4 Swap 189 | . 5 1 17 2 . 4 34 27 17 11 27 14 11 13 1 . 5 Drop 171 | . 4 5 8 1 1 . 30 43 6 7 26 6 16 3 . 3 12 Fire 468 | 5 48 11 27 5 . 8 98 27 9 9 39 38 40 35 3 . 66 Melee 203 | . . . . . . . 30 57 11 6 32 10 20 8 . . 29 Ram 1 | . . . . . . . . . . . . 1 . . . . . Kick . | . . . . . . . . . . . . . . . . . . Crush 1 | . 1 . . . . . . . . . . . . . . . . Escape Stasis 205 | . . . . . . . . 56 . . 88 . 24 8 . . 29 Rewire 7 | . . . . . . . . 1 . . 2 1 . . . . 3 Trap 1 | . . . . . . . . 1 . . . . . . . . . Miscellaneous . | . . . . . . . . . . . . . . . . . . Route ------- -11/Scrapyard -10/Materials (discovered 3 exits: *Mat / *Min x2) -10/Mines -9/Materials -9/Mines (discovered 3 exits: *Mat x2 / *Exi) -9/Exiles -8/Mines -8/Materials (discovered 3 exits: *Fac x2 / Gar) -8/Garrison (discovered 3 exits: *Mat x3) -8/Materials -7/Factory (discovered 2 exits: Fac / Gar) -7/Garrison (discovered 3 exits: *Fac x3) -7/Factory (discovered 5 exits: *Fac / Sto / Low x2 / Gar) -7/Garrison (discovered 3 exits: *Fac x3) -6/Factory -6/Waste -6/Factory -6/Garrison (discovered 1 exit: [*Fac]) History --------- Turn | Location | Event 4 | -11/Scrapyard | Discovered new exit (range 16) 139 | -11/Scrapyard | Entered Materials 318 | -10/Materials | Build established: Mutant 449 | -10/Materials | Discovered new exit (range 14) 807 | -10/Materials | Discovered new exit (range 12) 835 | -10/Materials | Discovered new exit (range 16) 1214 | -10/Materials | Entered Mines 1301 | -10/Mines | Discovered new exit (range 3) 1394 | -10/Mines | Learned location of Zion (-6) 1472 | -10/Mines | Received a Rocket Launcher from a helpful Derelict 1666 | -10/Mines | Met a Derelict who couldn't figure out how to use a Trap Extractor 1733 | -10/Mines | Assembled infested the area 1738 | -10/Mines | Assisted by a Guerilla fighting off Assembled 1882 | -10/Mines | Entered Materials 1882 | -9/Materials | Evolved 2 slots: Utility x1, Weapon x1 2202 | -9/Materials | Discovered new exit (range 6) 2340 | -9/Materials | Entered Mines 2375 | -9/Mines | Met a Derelict bent on vengeance 2489 | -9/Mines | Discovered new exit (range 5) 2535 | -9/Mines | Build established: Tank 2546 | -9/Mines | Discovered new exit (range 6) 2721 | -9/Mines | Deemed a non-threat by the Exiles lab entrance 2721 | -9/Mines | Discovered new exit (range 5) 2822 | -9/Mines | Entered Exiles 2860 | -9/Exiles | Met 8R-AWN 2884 | -9/Exiles | Met EX-HEX 2929 | -9/Exiles | Met EX-BIN 2948 | -9/Exiles | Aligned with FarCom system 2950 | -9/Exiles | Given EX-Vault access code 2985 | -9/Exiles | Opened EX-Vault 2991 | -9/Exiles | Found AWS/Autocannon 3022 | -9/Exiles | Warned to stay clear of 0b10 Research branches 3068 | -9/Exiles | Met EX-DEC 3144 | -9/Exiles | Visited The Gauntlet 3319 | -9/Exiles | Discovered new exit (range 10) 3331 | -9/Exiles | Left Exiles lab with AWS/Autocannon 3331 | -9/Exiles | Entered Mines 3638 | -8/Mines | Build established: Skirmisher 3966 | -8/Mines | Discovered new exit (range 9) 3990 | -8/Mines | Entered Materials 3990 | -8/Materials | Evolved 2 slots: Utility x1, Weapon x1 4496 | -8/Materials | Build established: Scavenger-Skirmisher 4543 | -8/Materials | Discovered new exit (range 4) 4687 | -8/Materials | Lost 3 parts (2n1w) 5231 | -8/Materials | Discovered new exit (range 12) 5747 | -8/Materials | Build established: Scavenger-Gunner 6336 | -8/Materials | Build established: Scavenger-Skirmisher 6602 | -8/Materials | Core integrity fell below 50% 6662 | -8/Materials | Identified exit to Garrison 6662 | -8/Materials | Entered Garrison 6666 | -8/Garrison | Lost 6 parts (1n2u3w) 6701 | -8/Garrison | Triggered checkpoint 6760 | -8/Garrison | Garrison Relay disabled 7170 | -8/Garrison | Lost 4 parts (1p1n1u1w) 7266 | -8/Garrison | Triggered checkpoint 7402 | -8/Garrison | Discovered new exit (range 13) 7430 | -8/Garrison | Build established: Gunner 7557 | -8/Garrison | Triggered checkpoint 7591 | -8/Garrison | Garrison Relay disabled 7638 | -8/Garrison | Discovered new exit (range 22) 7638 | -8/Garrison | Discovered new exit (range 84) 7638 | -8/Garrison | Discovered new exit (range 34) 7700 | -8/Garrison | Triggered checkpoint 7791 | -8/Garrison | Installed Relay Interface Framework 7950 | -8/Garrison | Triggered checkpoint 7964 | -8/Garrison | Garrison Relay disabled 8081 | -8/Garrison | Build established: Bothacker-Mutant 8124 | -8/Garrison | Triggered checkpoint 8133 | -8/Garrison | Core integrity fell below 20% 8332 | -8/Garrison | Triggered checkpoint 8383 | -8/Garrison | Garrison Relay disabled 8413 | -8/Garrison | Garrison Relay disabled 8492 | -8/Garrison | Build established: Bothacker-Skirmisher 8595 | -8/Garrison | Entered Materials 8995 | -8/Materials | First assault squad dispatched 9486 | -8/Materials | Destroyed 8 combat bots 9544 | -8/Materials | Discovered new exit (range 11) 9564 | -8/Materials | Entered Factory 9564 | -7/Factory | Evolved 2 slots: Utility x2 9997 | -7/Factory | Discovered new exit (range 10) 10408 | -7/Factory | Cargo convoy interrupted 10733 | -7/Factory | Identified exit to Garrison 10733 | -7/Factory | Entered Garrison 10733 | -7/Garrison | Accompanied by 2 allies 10821 | -7/Garrison | Triggered checkpoint 10878 | -7/Garrison | Heavy support dispatched to Factory 10906 | -7/Garrison | Spotted B-75 Beast 10926 | -7/Garrison | Hijacked Beast 4a control node with streamctrl_high 11022 | -7/Garrison | Destroyed Beast 4a 11108 | -7/Garrison | Triggered checkpoint 11117 | -7/Garrison | Triggered checkpoint 11309 | -7/Garrison | Triggered checkpoint 11341 | -7/Garrison | Discovered new exit (range 10) 11365 | -7/Garrison | Triggered checkpoint 11391 | -7/Garrison | Triggered checkpoint 11473 | -7/Garrison | H-XX Assembler disabled 11501 | -7/Garrison | Found Prototype Device 11717 | -7/Garrison | Triggered checkpoint 11862 | -7/Garrison | Discovered new exit (range 14) 11965 | -7/Garrison | Triggered checkpoint 12001 | -7/Garrison | Garrison Relay disabled 12035 | -7/Garrison | Build established: Bothacker-Tank 12041 | -7/Garrison | Triggered checkpoint 12257 | -7/Garrison | Discovered new exit (range 14) 12401 | -7/Garrison | Triggered checkpoint 12418 | -7/Garrison | Garrison Relay disabled 12607 | -7/Garrison | Expanded RIF knowledge: Command Fork 12872 | -7/Garrison | Learned Factory security intel 12928 | -7/Garrison | Garrison Relay disabled 12975 | -7/Garrison | Garrison Relay disabled 13058 | -7/Garrison | Entered Factory 13058 | -7/Factory | Accompanied by 5 allies 13574 | -7/Factory | Build established: Bothacker-Skirmisher 14013 | -7/Factory | Discovered new exit (range 12) 14527 | -7/Factory | Identified exit to Storage 14527 | -7/Factory | Identified exit to Lower Caves 14654 | -7/Factory | Identified exit to Garrison 14922 | -7/Factory | Garrison activated, responded to threat 14973 | -7/Factory | Lost 3 allies 15021 | -7/Factory | Entered Garrison 15021 | -7/Garrison | Accompanied by 1 ally 15217 | -7/Garrison | Triggered checkpoint 15328 | -7/Garrison | Triggered checkpoint 15411 | -7/Garrison | Expanded RIF knowledge: Threat Obfuscation 15440 | -7/Garrison | Discovered new exit (range 14) 15730 | -7/Garrison | Discovered new exit (range 10) 15779 | -7/Garrison | Triggered checkpoint 15895 | -7/Garrison | Garrison Relay disabled 15994 | -7/Garrison | Phase Generator disabled 16113 | -7/Garrison | Triggered checkpoint 16167 | -7/Garrison | Garrison Relay disabled 16305 | -7/Garrison | Discovered new exit (range 14) 16379 | -7/Garrison | Entered Factory 16379 | -6/Factory | Accompanied by 3 allies 16379 | -6/Factory | Evolved 2 slots: Propulsion x1, Utility x1 16387 | -6/Factory | Discovered new exit (range 15) 16830 | -6/Factory | Garrison activated, responded to threat 17334 | -6/Factory | Spotted B-75 Beast 17426 | -6/Factory | Lost 7 allies 17733 | -6/Factory | Sucked down chute 17733 | -6/Factory | Entered Waste 17743 | -6/Waste | 1 allies followed down the chute 17743 | -6/Waste | Spotted C-40 Crusher 17748 | -6/Waste | EMP discharged 17749 | -6/Waste | Spotted C-40 Crusher 17759 | -6/Waste | Crushed by Compactor (1 part destroyed) 17764 | -6/Waste | Spotted C-40 Crusher 17764 | -6/Waste | Spotted C-40 Crusher 17770 | -6/Waste | Allies destroyed C-40 Crusher 17822 | -6/Waste | Spotted C-40 Crusher 17823 | -6/Waste | Spotted C-40 Crusher 17835 | -6/Waste | Crushed by Compactor (0 parts destroyed, 1 dropped) 17848 | -6/Waste | EMP discharged 17848 | -6/Waste | System corruption reached 10% 17852 | -6/Waste | Discovered new exit (range 16) 17873 | -6/Waste | Entered Factory 17952 | -6/Factory | Identified exit to Garrison 17952 | -6/Factory | Entered Garrison 17958 | -6/Garrison | Triggered checkpoint 17982 | -6/Garrison | Triggered checkpoint 18110 | -6/Garrison | Triggered checkpoint 18183 | -6/Garrison | Garrison Relay disabled 18295 | -6/Garrison | Triggered checkpoint 18350 | -6/Garrison | Lost 5 parts (1p1n2u1w) 18422 | -6/Garrison | Core integrity fell below 50% 18444 | -6/Garrison | Released all parts (9) 18645 | -6/Garrison | Triggered checkpoint 18828 | -6/Garrison | Found Heavy Servo Lattice 18863 | -6/Garrison | Build established: Bothacker-Mutant 18882 | -6/Garrison | Triggered checkpoint 18992 | -6/Garrison | Triggered checkpoint 19098 | -6/Garrison | Triggered checkpoint 19154 | -6/Garrison | Garrison Relay disabled 19236 | -6/Garrison | Garrison Relay disabled 19288 | -6/Garrison | Triggered checkpoint 19333 | -6/Garrison | Discovered new exit (range 12) 19590 | -6/Garrison | Spotted Striker 19594 | -6/Garrison | Spotted Executioner 19614 | -6/Garrison | Rewired Striker 19650 | -6/Garrison | Core integrity fell below 20% 19650 | -6/Garrison | Allies destroyed Striker 19651 | -6/Garrison | Lost 4 allies 19658 | -6/Garrison | Allies destroyed Executioner 19662 | -6/Garrison | Spotted B-75 Beast 19699 | -6/Garrison | Lost 6 parts (3n2u1w) 19712 | -6/Garrison | Destroyed by X-62 Marksman with Pulse Rifle Last Messages --------------- Erasing system data. Installing primary routines, ETC: 6. 19674_ Machine disabled. 19675_ Reactivated Guardian 5k. 19682_ Jacked B-75 Beast... >>overwrite_iff Rewriting IFF filter. 19690_ System corrupted: Matter fused (-6). 19691_ B-75 Beast suffers critical hit (Destroy). 19694_ Slug penetrates B-75 Beast. 19694_ B-75 Beast destroyed. 19699_ Slug penetrates Wall. 19702_ Guardian 5k destroyed. 19702_ Acquired Lgt. Treads. 19708_ Acquired Imp. Light Armor Plating. 19709_ Slug penetrates Machine. 19712_ System corrupted: Substantial component data lost. 19712_ Penetrated by Slug. 19712_ Imp. Datajack destroyed. [Achievement: Tester] Map ----- +----------------------------------------------------+ | ???????# #??# #????????# #???????????????? | | ???????# #??# ###????????### #???????????????? | | ???????# #??# #????????????# #???????????????? | | ???????# #??# #????????????# #???????????????? | | ???????# #### ############## %#???????????????? | | ???????# #???????????????? | | ???????# * #???????????????? | | ???????# #???????????????? | | ???????####################### #???????????????? | | ?????????????????????????????# #???????????????? | | ?????????????????????????????# #### " "????? | | ?????????????????????????????# + """ ??????? | | ?????????????????????????????# #### " #????? | | ?????????????????????????????# #???????????????? | | ?????????????????????????????# #???????????????? | | ?????????????????????????????# #???????????????? | | ?????????????????????????????# #???????????????? | | ?????????????????????????????# #???????????????? | | ?????????????????????????????# #???????????????? | | ?????????????????????##??????# #???????????????? | | ?????????????????????# #?????# #???????????????? | | ?????????????????????##;###### #???????????????? | | ?????????????????????#"" """## #???????????????? | | ?????????????????????# "%["##!!%#???????????##### | | ?????????????????????#" ![*#%%!=#???????????# | | ?????????????????????#" %@%!x[*=[############# | | ?????????????????????# !x+!! | | ?????????????????????#" ""![## | | ?????????????????????#" ""%"## | | ?????????????????????#" " "############# ## | | ?????????????????????#""""""#?????????### ## | | ?????????????????????########?????????# | | ??????????????????????????????????????# | | ??????????????????????????????????????# | | ??????????????????????????????????????# | | ??????????????????????????????????????### ^^## | | ??????????????????????????????????????### ## | | ??????????????????????????????????????? + | | ????????????????????????????????????????# | | ????????????????????????????????????????# | | ????????????????????????????????????????# ## | | ????????????????????????????????????????# ## | | ????????????????????????????????????????# ###### | | ????????????????????????????????????????# #????? | | ????????????????????????????????????????? #????? | | ????????????????????????????????????????? #????? | | ????????????????????????????????????????? #????? | | ????????????????????????????????????????? #????? | | ????????????????????????????????????????? #????? | | ????????????????????????????????????????? #????? | +----------------------------------------------------+ Best States ------------- Heat Dissipation 56 Energy Generation 18 Energy Capacity 310 Matter Stores 500 Matter Capacity 500 Sight Range 18 Terrain Scan Density 10 Jamming Range 16 Corruption Block 8 Armor Coverage 825 Resistance: KI 20 Weapon Cycling 15 Evasion (%) 50 Targeting Accuracy 8 Recoil Reduction 3 Offensive Hacking 10 Relay Coupler Types 6 Relay Coupler Value 116 Authchip Count 1 Trap Extractor Capacity 4 Item Schematics ----------------- Imp. Remote Datajack | -8/Materials | Scanalyzed Variable Charge Gun | -7/Factory | Scanalyzed Robot Schematics ------------------ None Fabricated ------------ Nothing Alien Tech Used ----------------- None Achievements -------------- Error 47 Pwned Tester Challenges ------------ None Game ------ Seed ScanIntegratedGuard Manual? 0 Play Time 03:57:17 Cumulative 106.9 hours Start 2024.10.23 @ 00:41:59 End 2024.10.23 @ 04:47:53 Sessions 3 Manual Loads 0 Difficulty Rogue Special Mode None Game No. 38 Rogue 37 Adventurer 1 Explorer 0 Win Type - Total 2 Types 2/0/0/0/0/0/0/0/0 Lore% 27 Gallery% 50 Achievement% 42 Wizard Run 0 Options --------- Layout 0 ASCII 0 Keyboard 1 Movement Vi Keybinds 0 Fullscreen 2 Font 36/Terminus++ Map View 76x50 Zoom Use 0% Tactical HUD 1 Map Filters NONE Filters NONE Steam 1 RUN: 5a1b1e88-a2bf-471b-a156-54c07f2bc51f